Map: Ley Lines

Players

WeAreLegion

  • Race: Terran Terran
  • League: Silver
  • Spawn Location: 7:00

A.I. 1 (Elite)

  • Race: Protoss Protoss
  • Spawn Location: 1:00

VOD

Have the link to the VOD?

Description

Time

  • Played on: Dec. 7, 2024, 3:38 p.m.
  • Length: 4:02
Show
View Real Time Build Order
Export as new Build Order

WeAreLegion Terran 

Build Orders: Reaper Expand 

Get SALT Encoding   

  12  0:00  SCV  
  13  0:12  SCV  
  14  0:17  Supply Depot  
  14  0:25  SCV  
  15  0:38  SCV  
  15  0:40  Barracks  
  16  0:45  Refinery  
  16  0:51  SCV  
  17  1:04  SCV  
  18  1:16  SCV  
  19  1:28  Orbital Command  
  19  1:39  Command Center  
  19  1:42  Reaper  
  20  1:51  Supply Depot  
  20  1:57  SCV  
  21  2:07  Factory  
  21  2:09  SCV  
  22  2:22  SCV, Refinery  
  23  2:23  Marine  
  24  2:34  SCV  
  25  2:52  Starport  
  25  2:54  Widow Mine  
  27  3:09  SCV x2  
  28  3:21  SCV x2  
  28  3:22  Hellion  
  28  3:25  Barracks Reactor  
  32  3:33  SCV  
  34  3:37  Orbital Command  
  33  3:45  SCV  
Show
View Real Time Build Order
Export as new Build Order

A.I. 1 (Elite) Protoss 

Build Orders: 1 Gate Expand 

Get SALT Encoding   

  12  0:00  Probe  
  13  0:13  Probe  
  14  0:19  Pylon  
  14  0:25  Probe  
  15  0:33  Probe  
  15  0:39  Gateway  
  15  0:41  Probe  
  17  0:51  Probe  
  18  0:59  Probe  
  19  1:13  Probe  
  19  1:15  Nexus  
  20  1:25  Probe  
  20  1:30  Zealot  
  23  1:34  Pylon  
  23  1:44  Cybernetics Core  
  23  1:46  Assimilator  
  23  1:52  Probe  
  24  2:01  Probe  
  25  2:09  Probe  
  26  2:18  Probe  
  26  2:20  Pylon  
  27  2:22  Probe  
  28  2:30  Probe  
  28  2:34  Gateway  
  29  2:37  Probe  
  29  2:40  Assimilator  
  30  2:48  Stalker  
  30  2:53  Pylon  
  30  2:54  Probe  
  33  2:59  Probe  
  33  3:07  Gateway  
  33  3:08  Probe x2  
  33  3:10  Stalker  
  36  3:21  Stalker  
  36  3:22  Probe  
  39  3:30  Probe  
  40  3:34  Probe  
  43  3:42  Probe  
  43  3:46  Probe  
Tags
 
Add a new tag
Caveats
  • Supply blocks, unpowered buildings, or Contaminate may cause inaccurate times.
  • Supply counts are checked every 10 seconds.